 Dungeon Crawl Stone Soup version 0.24-a0-278-gefa1973 (webtiles) character file.

Game seed: 3178440173721811442

317954 mhoghedin the Ruinous (level 21, -10/141 HPs)
             Began as a Tengu Conjurer on Apr 28, 2019.
             Was the Champion of Vehumet.
             Mangled by a vault warden
             ... wielding a +2 great mace of protection
              (31 damage)
             ... on level 5 of the Vaults on Apr 29, 2019.
             The game lasted 04:37:32 (58907 turns).

mhoghedin the Ruinous (Tengu Conjurer)             Turns: 58907, Time: 04:37:33

Health: -10/141    AC: 15    Str: 11    XL:     21   Next: 44%
Magic:  30/40      EV: 29    Int: 35    God:    Vehumet [******]
Gold:   403        SH:  9    Dex: 19    Spells: 1/49 levels left

rFire    . . .     SeeInvis .   b - staff of conjuration {!a}
rCold    . . .     Gourm    .   s - +3 buckler
rNeg     . . .     Faith    .   O - +2 ring mail of the Everdark {*Corrode rElec rPois Int+2}
rPois    +         Spirit   .   (helmet restricted)
rElec    +         Reflect  .   N - +2 cloak {MR+}
rCorr    .         Harm     .   I - +2 pair of gloves
MR       +++..     Clarity  +   (boots unavailable)
Stlth    +++.......             Z - amulet of magic regeneration
HPRegen  0.33/turn              V - +4 ring of intelligence
MPRegen  0.52/turn              c - ring of protection from magic {MR+, !d}

@: brilliant, agile, about to teleport, flying quickly and evasively, very
slightly contaminated, quick
A: beak, talons 3, clarity, robust 1, able to fly
}: 2/15 runes: serpentine, barnacled
a: Stop Flying, Renounce Religion


You were on level 5 of the Vaults.
You worshipped Vehumet.
Vehumet was exalted by your worship.
You were full.

You visited 7 branches of the dungeon, and saw 37 of its levels.
You also visited: Ossuary.

You collected 3349 gold pieces.
You spent 2946 gold pieces at shops.

Inventory:

Hand Weapons
 x - a +7 hunting sling of velocity
   (You found it on level 1 of the Dungeon)
Missiles
 d - 859 stones (quivered)
 S - 5 throwing nets {=f, !d}
Armour
 s - a +3 buckler (worn)
   (You found it on level 5 of the Dungeon)
 I - a +2 pair of gloves (worn)
   (You found it on level 2 of the Lair of Beasts)
 N - a +2 cloak of magic resistance (worn)
   (You bought it in a shop on level 6 of the Dungeon)
 O - the +2 ring mail of the Everdark (worn) {*Corrode rElec rPois Int+2}
   (You found it on level 1 of the Shoals)

   It affects your intelligence (+2).
   It insulates you from electricity.
   It protects you from poison.
   It may corrode you when you take damage.
Magical Staves
 b - an uncursed staff of conjuration (weapon) {!a}
   (You found it on level 8 of the Dungeon)
Jewellery
 c - a ring of protection from magic (right hand) {MR+, !d}
   (You found it on level 3 of the Lair of Beasts)
 u - an uncursed ring of protection from cold {rC+, !d}
   (You took it off a hobgoblin on level 3 of the Dungeon)
 y - an uncursed ring of fire {rF+, rC-}
   (You found it on level 8 of the Dungeon)
 H - an uncursed ring of resist corrosion
   (You found it on level 10 of the Dungeon)
 P - an uncursed ring of see invisible {sInv, !d}
   (You bought it in a shop on level 14 of the Dungeon)
 V - a +4 ring of intelligence (left hand)
   (You found it on level 1 of the Vaults)
 Z - an amulet of magic regeneration (around neck)
   (You found it on level 15 of the Dungeon)
Wands
 l - a wand of flame (12)
   (You found it on level 3 of the Vaults)
 B - a wand of enslavement (7)
   (You took it off a naga ritualist on level 3 of the Snake Pit)
 F - a wand of polymorph (7)
   (You took it off an orc priest on level 8 of the Dungeon)
 U - a wand of digging (9)
   (You found it on level 6 of the Lair of Beasts)
Scrolls
 a - a scroll of enchant armour
 e - a scroll of torment {!r}
 f - 12 scrolls of remove curse
 n - a scroll of amnesia
 q - a scroll of silence
 w - 2 scrolls of immolation {!r}
 z - a scroll of blinking {!r}
 C - a scroll of vulnerability {!r!r}
 J - 2 scrolls of fear
 L - a scroll of teleportation
 Q - 2 scrolls of fog
 T - 4 scrolls of identify
 X - a scroll of magic mapping {!r}
Potions
 g - 7 potions of agility
 h - a potion of heal wounds
 i - 7 potions of brilliance
 k - 5 potions of lignification {!q}
 m - 2 potions of haste
 o - 5 potions of mutation {!q}
 r - 12 potions of curing
 t - 4 potions of ambrosia
 D - 4 potions of cancellation
 G - 2 potions of resistance
 M - 4 potions of might
Miscellaneous
 v - a crystal ball of energy
   (You bought it in a shop on level 6 of the Dungeon)
 E - a phantom mirror
 K - a fan of gales
   (You found it on level 10 of the Dungeon)
 Y - a lamp of fire
   (You found it on level 15 of the Dungeon)
Comestibles
 R - 14 rations


   Skills:
 - Level 13.0 Fighting
 - Level 6.2(7.3) Slings
 - Level 5.7(7.1) Throwing
 - Level 7.1 Armour
 - Level 13.5 Dodging
 - Level 2.0 Stealth
 - Level 4.0 Shields
 - Level 14.7 Spellcasting
 + Level 21.5 Conjurations
 - Level 4.6 Charms
 - Level 15.4 Fire Magic
 - Level 2.7 Ice Magic
 + Level 17.0 Air Magic
 - Level 5.8 Evocations


You had one spell level left.
You knew the following spells:

 Your Spells              Type           Power        Failure   Level  Hunger
a - Deflect Missiles      Chrm/Air       #######...   1%          6    ##.....
b - Orb of Destruction    Conj           ########..   1%          7    ####...
c - Tornado               Air            ########..   30%         9    #######
d - Lightning Bolt        Conj/Air       ########..   1%          5    None
e - Freezing Cloud        Conj/Ice/Air   ########..   1%          6    ##.....
f - Fireball              Conj/Fire      ########..   1%          5    None
g - Apportation           Tloc           #####.       1%          1    None
h - Ignition              Fire           ########..   4%          8    ######.
A - Animate Skeleton      Necr           N/A          1%          1    None

Your spell library contained the following spells:

 Spells                   Type           Power        Failure   Level  Hunger
 Fire Storm               Conj/Fire      ########..   17%         9    #######
 Flame Tongue             Conj/Fire      #####        0%          1    None
 Magic Dart               Conj           ####         0%          1    None
 Shock                    Conj/Air       ####         0%          1    None
 Confusing Touch          Hex            #####.       1%          1    None
 Corona                   Hex            #####..      1%          1    None
 Sandblast                Erth           #####.       1%          1    None
 Sting                    Conj/Pois      ####         1%          1    None
 Summon Small Mammal      Summ           ####         1%          1    None
 Searing Ray              Conj           ######       0%          2    None
 Throw Flame              Conj/Fire      ######       0%          2    None
 Conjure Flame            Conj/Fire      ########     0%          3    None
 Static Discharge         Conj/Air       ########     0%          3    None
 Iskenderun's Mystic Bla  Conj           ########     0%          4    None
 Sticky Flame             Conj/Fire      ########     0%          4    None
 Ensorcelled Hibernation  Hex/Ice        ######       1%          2    None
 Passwall                 Tmut/Erth      #####...     1%          2    None
 Poisonous Vapours        Pois/Air       ######       1%          2    None
 Slow                     Hex            #####...     1%          2    None
 Swiftness                Chrm/Air       #######.     1%          2    None
 Confuse                  Hex            #####...     1%          3    None
 Dazzling Spray           Conj/Hex       ######       1%          3    None
 Inner Flame              Hex/Fire       #######.     1%          3    None
 Mephitic Cloud           Conj/Pois/Air  ########     1%          3    None
 Portal Projectile        Hex/Tloc       #####.       1%          3    None
 Stone Arrow              Conj/Erth      ######       1%          3    None
 Tukima's Dance           Hex            #####...     1%          3    None
 Airstrike                Air            ########..   1%          4    None
 Force Lance              Conj/Tloc      ########     1%          4    None
 Fulminant Prism          Conj/Hex       ########..   1%          4    None
 Venom Bolt               Conj/Pois      ########..   1%          5    None
 Cause Fear               Hex            #####.....   4%          4    None
 Leda's Liquefaction      Hex/Erth       #####.....   4%          4    None
 Olgreb's Toxic Radiance  Pois           #####...     4%          4    None
 Passage of Golubria      Tloc           N/A          4%          4    None
 Petrify                  Tmut/Erth      #####...     4%          4    None
 Lee's Rapid Deconstruct  Erth           #####.....   10%         5    None
 Darkness                 Hex            #####.....   41%         6    ##.....
 Invisibility             Hex            #####...     41%         6    ##.....


Dungeon Overview and Level Annotations

Branches:
Dungeon (15/15)            Temple (1/1) D:7            Lair (6/6) D:9
 Shoals (4/4) Lair:2        Snake (4/4) Lair:2        Slime (0/5) Lair:6
    Orc (2/2) D:11            Elf (0/3) Orc:2        Vaults (5/5) D:13
  Crypt (0/3) Vaults:2     Depths (0/5) D:15

Altars:
Ashenzari
Cheibriados
Dithmenos
Elyvilon
Fedhas
Gozag
Hepliaklqana
Kikubaaqudgha
Makhleb
Nemelex Xobeh
Okawaru
Qazlal
Ru
Sif Muna
Trog
Uskayaw
Vehumet
Wu Jian
Xom
Yredelemnul
Zin
The Shining One
Beogh
Jiyva

Shops:
D:4 [   D:6 *}!   D:12 (   D:14 =(}?}   D:15 =   Orc:2 !(*!   Vaults:4 *

Annotations:
D:4 1 runed translucent door, Crazy Yiuf
D:8 1 exclusion
D:15 2 transporters, mistymad's ghost, journeyman SpAs
Lair:5 exclusion: 2 downstairs
Shoals:3 3 runed translucent doors, Ysiri's ghost, adept FeEE


Innate Abilities, Weirdness & Mutations

You have a beak for a mouth.
You have claws for feet.
You can fly continuously.
You possess an exceptional clarity of mind.
You are robust. (+10% HP)


Message History

The deep elf high priest utters a dark prayer and points at you.
Your life force is offered up.
* * * LOW HITPOINT WARNING * * *
The stone giant is healed.
A fire giant comes into view.
It is wielding a +1 great sword of flaming.
A yaktaur comes into view.
The stone giant barely misses you.
A deep elf high priest comes into view. It is wielding a +0 scimitar.
You regained 9 hp, and now have 31/141 hp.
As you read the scroll of teleportation, it crumbles to dust.
You feel strangely unstable.
The yaktaur wields a +0 arbalest.
The yaktaur shoots a bolt.
You block the bolt. The stone giant hits you.
* * * LOW HITPOINT WARNING * * *
You hear a shout! x2
You take 5 damage, and have 26/141 hp.
Unknown command.
Unknown command.
The yaktaur shoots a bolt.
You block the bolt. The stone giant misses you.
You see here a bolt.
You feel more agile all of a sudden.
Your surroundings suddenly seem different.
A vault warden comes into view. It is wielding a +0 war axe.
The vault warden shouts!
A deep elf death mage comes into view. It is wielding a +0 long sword.
The vault warden unwields a +0 war axe.
The vault warden wields a +0 arbalest.
The vault warden shoots a bolt.
You block the bolt.
A deep elf demonologist comes into view.
It is wielding a +0 dagger.
A deep elf high priest comes into view. It is wielding a +0 short sword.
Okay, then.
Unknown command.
Unknown command.
Unknown command.
Unknown command.
Magic courses through your body.
You feel yourself speed up.
The vault warden shoots a bolt.
You block the bolt.
The deep elf death mage hits you with a +0 long sword.
* * * LOW HITPOINT WARNING * * *
A shadow dragon comes into view.
You take 6 damage, and have 21/141 hp.
You regained 24 mp, and now have 30/40 mp.
You feel much better.
The deep elf demonologist shouts!
The vault warden activates a sealing rune.
The deep elf death mage barely misses you.
The deep elf demonologist casts a spell.
You hear a shout!
As you read the scroll of teleportation, it crumbles to dust.
You feel strangely unstable.
You hear a shout!
A deep elf mage comes into view. It is wielding a +0 short sword.
The deep elf death mage misses you.
The deep elf demonologist gestures wildly while chanting.
You regained 31 hp, and now have 52/141 hp.
Unknown command.
The deep elf death mage completely misses you.
You see here 27 arrows.
The deep elf demonologist casts a spell.
Your surroundings suddenly seem different.
An ironheart preserver comes into view. It is wielding a +0 dire flail.
A yaktaur captain comes into view.
It is wearing a +2 robe of the Archmagi.
You see here 31 gold pieces.
Unknown command.
You feel a surge of power!
The fireball explodes!
The fireball engulfs the yaktaur captain!!!
The fireball engulfs the ironheart preserver!!!
The ironheart preserver shouts!
You hear a shout! x2
You hear a horrible gurgling sound!
You hear a shout!
A yaktaur captain comes into view.
An ancient lich comes into view.
You block the yaktaur captain's attack.
You hear an angry buzzing noise.
You now have 28/40 mp.
A vault warden comes into view.
It is wielding a +2 great mace of protection.
The vault warden shouts!
The yaktaur captain shouts!
The yaktaur captain wields a +0 arbalest.
The yaktaur captain shoots a bolt.
You deflect the bolt!
You feel less protected from missiles.
A hornet comes into view.
The yaktaur captain wields a +0 arbalest.
The yaktaur captain shoots a bolt.
The bolt hits you!!
* * * LOW HITPOINT WARNING * * *
The hornet buzzes angrily.
You see here 2 bolts.
You take 21 damage, and have 32/141 hp.
You hear a shout!
The vault warden hits you with a +2 great mace of protection!
* * * LOW HITPOINT WARNING * * *
You take 12 damage, and have 20/141 hp.
A white very ugly thing comes into view.
Unknown command.
As you read the scroll of teleportation, it crumbles to dust.
You feel strangely unstable.
The ironheart preserver casts a spell.
The ironheart preserver begins to accept its allies' injuries.
Unknown command.
Unknown command.
The vault warden hits you with a +2 great mace of protection!!
You die...

*,...,,,,,,,,,,,,,,,,
*,....,,,,,,,,,,,,,,,
*,,..#***######******
*,,...,,,.....,,,,,,,
*,,#..**,...#*,,,,,**
*,,#u#***c.#***,,,***
*,,#[####..##**,,,***
*,,#..##c...##..,,,**
*,,#@ppyc.}.....,,,,,
*,,#[.##$...##.,,,,**
*,,#.####L.##**,,,***
*,,#.#***..#***,,,***
*,,#..**,...#*,,,,,**
*,,#..,,,##L..,,,,,,,
*,,#..**,**.##.,,,,**
*,,#..#*,,,,#*,.,,,**
*,,*,,,,,,,,,,,,,,,,,


You could see an ironheart preserver, a white very ugly thing, a vault warden, 2
yaktaur captains and a hornet.

Vanquished Creatures
  Frederick (Vaults:3)
  Xtahua (Vaults:2)
  Nikola (Vaults:2)
  A golden dragon (Vaults:4)
  A lich (Vaults:1)
  Polyphemus (Shoals:3)
  A tengu reaver (Vaults:5)
  A storm dragon (Vaults:5)
  5 nagarajas (Snake:4)
  An azure jelly (shapeshifter) (Vaults:2)
  A fire giant (Vaults:4)
  2 frost giants (Vaults:4)
  7 vault wardens
  9 ironheart preservers
  3 stone giants (Vaults:4)
  Nessos (Lair:5)
  An entropy weaver (Vaults:1)
  2 deep elf annihilators
  Azrael (D:15)
  2 merfolk javelineers
  3 ettins
  A deep elf death mage (Vaults:2)
  6 merfolk impalers
  5 fire dragons
  6 yaktaur captains
  2 great orbs of eyes
  7 hydras
  3 ice dragons
  A rakshasa (Vaults:1)
  12 naga warriors
  29 vault guards
  6 centaur warriors
  2 merfolk aquamancers (Shoals:4)
  Erica (Lair:2)
  A catoblepas (Shoals:3)
  A death knight (Vaults:4)
  12 anacondas
  17 two-headed ogres
  4 death yaks (Shoals:3)
  2 deep troll shamans
  6 ogre magi
  5 orc high priests (Orc:2)
  4 shock serpents
  A deep troll earth mage (Vaults:1)
  Urug (Lair:2)
  14 naga sharpshooters
  Sonja (D:11)
  2 deep elf knights (Vaults:1)
  A salamander mystic (Snake:3)
  An entropy weaver zombie (Vaults:2)
  A shadow wraith (Vaults:1)
  4 sea snakes
  4 skeletal warriors (D:11)
  2 glowing orange brains
  6 wizards
  13 deep trolls
  6 ironbrand convokers
  An obsidian statue (Vaults:3)
  A kraken simulacrum (Shoals:4)
  6 naga ritualists
  4 deep elf archers
  13 harpies
  A phantasmal warrior (Vaults:1)
  A wolf spider zombie (D:14)
  A necromancer (Vaults:2)
  6 wolf spiders
  6 deep elf magi
  7 mana vipers
  An orb spider (shapeshifter) (Vaults:5)
  3 orc sorcerers
  14 orc knights
  4 salamanders
  9 manticores
  53 ugly things
  12 fauns
  An elephant (shapeshifter) (Vaults:3)
  7 cyclopes
  29 black mambas
  11 vault sentinels
  A black mamba (shapeshifter) (Vaults:2)
  10 merfolk sirens
  A guardian serpent (shapeshifter) (D:15)
  A stone giant skeleton (Vaults:2)
  8 water nymphs
  4 guardian serpents
  A gargoyle (D:12)
  33 naga magi
  25 spiny frogs
  3 rime drakes
  13 komodo dragons
  36 yaktaurs
  A yaktaur (shapeshifter) (D:15)
  2 freezing wraiths
  An efreet (D:8)
  3 polar bears
  14 merfolk
  2 tyrant leeches (Lair:6)
  A polar bear (shapeshifter) (D:14)
  2 queen bees
  3 meliai (D:15)
  2 wind drakes (shapeshifter)
  7 trolls
  5 wind drakes
  A hornet (shapeshifter) (Vaults:4)
  16 slime creatures
  21 blink frogs
  7 snapping turtles
  2 dream sheep (Shoals:3)
  2 hornets
  A dream sheep (shapeshifter) (Vaults:1)
  A stone giant simulacrum (Vaults:1)
  9 hippogriffs
  A centaur simulacrum (D:15)
  2 shadows
  A redback (Vaults:1)
  2 wraiths
  A tarantella (Vaults:1)
  4 water elementals
  4 hogs (D:7)
  16 humans
  A wyvern (D:12)
  A wyvern (shapeshifter) (Vaults:2)
  7 basilisks
  48 yaks
  4 fire elementals (D:15)
  3 hungry ghosts
  Menkaure (D:4)
  8 vampire mosquitoes
  49 nagas
  10 wargs
  5 acid dragons
  3 hell hounds (D:15)
  16 water moccasins
  Duvessa (D:6)
  7 porcupines
  A black bear (shapeshifter) (Vaults:2)
  A black bear (D:9)
  2 necrophages
  An ice beast (D:9)
  7 sky beasts
  45 orc warriors
  An eye of draining (D:8)
  21 ogres
  12 wolves
  4 phantoms
  5 boggarts
  14 centaurs
  11 crocodiles
  An elf zombie (Ossuary)
  21 bullfrogs
  A gnoll sergeant (D:10)
  Dowan (D:6)
  3 scorpions
  50 killer bees
  3 electric eels (Lair:6)
  3 howler monkeys (D:11)
  7 wights
  A bullfrog zombie (D:6)
  4 crimson imps
  A quasit (D:7)
  3 hounds
  6 centaur zombies
  A human zombie (Ossuary)
  7 jellies
  3 centaur skeletons
  38 orc priests
  3 bullfrog skeletons
  A gnoll shaman (Orc:1)
  30 orc wizards
  Natasha (thrice) (D:3)
  3 iguanas
  7 worker ants
  2 big kobold zombies (Ossuary)
  A hound skeleton (D:6)
  2 mummies (Ossuary)
  7 gnolls (Orc:1)
  A worker ant zombie (D:5)
  11 adders
  4 shadow imps
  An ooze (D:6)
  2 adder zombies (Ossuary)
  4 worms
  A dart slug (D:3)
  5 leopard geckos
  106 orcs
  8 bats
  9 giant cockroaches
  5 goblins
  8 hobgoblins
  5 jackals
  6 quokkas
  3 frilled lizards
  6 hobgoblin zombies (Ossuary)
  6 kobolds
  9 kobold zombies (Ossuary)
  2 leopard gecko skeletons (D:6)
  11 orc zombies (Ossuary)
  A quokka skeleton (D:6)
  5 rats
  A rat zombie (Ossuary)
  5 fungi
  13 plants
  2 tentacles (Shoals:1)
1439 creatures vanquished.

Vanquished Creatures (collateral kills)
  A kraken (Shoals:1)
  A merfolk impaler (Shoals:3)
  An ogre mage (Vaults:3)
  A merfolk aquamancer (Shoals:4)
  A harpy (Shoals:2)
  A sea snake (Shoals:2)
  2 manticores
  2 water nymphs
  A black mamba (Snake:4)
  A yaktaur zombie (Vaults:2)
  2 merfolk
  2 slime creatures (Vaults:1)
  A blink frog (Lair:2)
  2 snapping turtles (Shoals:2)
  An ettin skeleton (Vaults:2)
  A water elemental (Shoals:4)
  A naga (Snake:4)
  An ogre (Vaults:3)
  A human skeleton (Vaults:2)
  A killer bee (Lair:2)
  A tentacle (Shoals:1)
26 creatures vanquished.

Vanquished Creatures (others)
  An ironheart preserver (Vaults:2)
  An ogre (Vaults:4)
  An orc wizard (D:4)
  18 fungi
  60 plants
  5 tentacles
86 creatures vanquished.

Grand Total: 1551 creatures vanquished

Notes
Turn   | Place    | Note
-------+----------+-------------------------------------------
     0 | D:1      | mhoghedin the Tengu Conjurer began the quest for the Orb.
     0 | D:1      | Reached XP level 1. HP: 10/10 MP: 4/4
   314 | D:1      | Reached XP level 2. HP: 15/15 MP: 6/6
   432 | D:1      | Reached skill level 6 in Conjurations
   662 | D:1      | Learned a level 2 spell: Searing Ray
   776 | D:2      | Reached XP level 3. HP: 19/19 MP: 7/7
  1276 | D:2      | Found an iron altar of Okawaru.
  1544 | D:3      | Reached skill level 1 in Fighting
  1544 | D:3      | Reached skill level 1 in Slings
  1544 | D:3      | Reached XP level 4. HP: 17/25 MP: 5/8
  1720 | D:3      | Reached skill level 2 in Fighting
  1720 | D:3      | Reached skill level 2 in Slings
  1720 | D:3      | Gained mutation: You can fly continuously. [Tengu growth]
  1720 | D:3      | Reached XP level 5. HP: 21/30 MP: 2/9
  1908 | D:3      | Noticed Natasha
  1920 | D:3      | Killed Natasha
  2427 | D:3      | Noticed Natasha
  2430 | D:3      | Killed Natasha
  2430 | D:3      | Reached XP level 6. HP: 36/36 MP: 6/10
  2666 | D:3      | Reached skill level 3 in Fighting
  2719 | D:3      | Noticed Natasha
  2724 | D:3      | Killed Natasha
  2724 | D:3      | Reached skill level 3 in Slings
  2786 | D:3      | Gained mutation: You are robust. (+10% HP) [potion of
                  | mutation]
  2786 | D:3      | Gained mutation: You possess an exceptional clarity of
                  | mind. [potion of mutation]
  2849 | D:4      | Found a runed translucent door.
  2850 | D:4      | Noticed Crazy Yiuf
  2889 | D:4      | Found Puim Wuhur's Armour Shoppe.
  2923 | D:4      | Reached skill level 3 in Dodging
  3198 | D:4      | Reached XP level 7. HP: 28/46 MP: 7/11
  3207 | D:4      | Found a sand-covered staircase.
  3233 | Ossuary  | Entered an ossuary
  3563 | Ossuary  | Reached skill level 4 in Fighting
  3563 | Ossuary  | Reached skill level 4 in Dodging
  3571 | Ossuary  | Reached skill level 4 in Slings
  3591 | Ossuary  | HP: 10/47 [mummy (17)]
  4121 | D:4      | Reached XP level 8. HP: 31/52 MP: 7/12
  4417 | D:4      | Noticed Menkaure
  4420 | D:4      | Killed Menkaure
  4420 | D:4      | Reached skill level 5 in Fighting
  4420 | D:4      | Reached skill level 5 in Dodging
  4560 | D:4      | Reached skill level 5 in Slings
  4710 | D:5      | Entered Level 5 of the Dungeon
  5650 | D:6      | Reached skill level 1 in Shields
  5667 | D:6      | Reached skill level 6 in Dodging
  5717 | D:6      | Noticed Duvessa
  5725 | D:6      | Noticed Dowan
  5741 | D:6      | Killed Duvessa
  5741 | D:6      | Reached skill level 6 in Fighting
  5741 | D:6      | Reached skill level 2 in Shields
  5827 | D:6      | Killed Dowan
  5902 | D:6      | Reached XP level 9. HP: 60/60 MP: 13/13
  5935 | D:6      | You are sucked into a shaft!
  6039 | D:7      | HP: 12/61 [orc priest/divine providence (17)]
  6293 | D:6      | Reached skill level 3 in Shields
  6295 | D:6      | Found Ihax's Gadget Shop.
  6375 | D:6      | Found Ewunan's General Store.
  6506 | D:6      | Found a white marble altar of Elyvilon.
  6506 | D:6      | Found a faded altar of an unknown god.
  6511 | D:6      | Found an opulent altar of Gozag.
  6513 | D:6      | Found a snail-covered altar of Cheibriados.
  6519 | D:6      | Found a faded altar of an unknown god.
  6555 | D:6      | Found Ytucanarch's Distillery.
  6986 | D:6      | Reached skill level 7 in Dodging
  7246 | D:7      | Found a staircase to the Ecumenical Temple.
  7356 | Temple   | Entered the Ecumenical Temple
  7616 | Temple   | Became a worshipper of Vehumet
  7684 | D:7      | Reached skill level 7 in Fighting
  7684 | D:7      | Reached skill level 4 in Shields
  7833 | D:7      | Learned a level 4 spell: Iskenderun's Mystic Blast
  7884 | D:7      | Reached skill level 7 in Conjurations
  8591 | D:7      | Reached skill level 3 in Spellcasting
  8702 | D:7      | Reached skill level 8 in Conjurations
  8709 | D:7      | Reached skill level 4 in Spellcasting
  8709 | D:7      | Reached XP level 10. HP: 62/69 MP: 1/17
  8852 | D:7      | Reached skill level 9 in Conjurations
  9172 | D:8      | Reached skill level 5 in Spellcasting
  9184 | D:8      | Noticed a two-headed ogre
  9287 | D:7      | Learned a level 3 spell: Mephitic Cloud
  9631 | D:8      | Reached * piety under Vehumet
  9631 | D:8      | Offered knowledge of Freeze by Vehumet.
  9834 | D:8      | Killed a two-headed ogre
  9834 | D:8      | Reached skill level 5 in Throwing
  9932 | D:8      | Noticed a red ugly thing
 10424 | D:8      | Reached skill level 10 in Conjurations
 10562 | D:8      | Identified Yfum's Collected Works on Floating Confrontation
 10676 | D:8      | You are sucked into a shaft for 3 floors!
 10800 | D:10     | Entered Level 10 of the Dungeon
 11066 | D:10     | Reached skill level 11 in Conjurations
 11509 | D:8      | Killed a red ugly thing
 11882 | D:9      | Reached skill level 12 in Conjurations
 11896 | D:9      | Reached XP level 11. HP: 70/73 MP: 4/19
 12129 | D:9      | Reached skill level 13 in Conjurations
 12190 | D:9      | Found a staircase to the Lair.
 12323 | D:9      | Reached ** piety under Vehumet
 12621 | D:9      | Offered knowledge of Throw Flame by Vehumet.
 13271 | D:10     | Reached skill level 14 in Conjurations
 14031 | Lair:1   | Entered Level 1 of the Lair of Beasts
 14314 | Lair:1   | Offered knowledge of Throw Frost by Vehumet.
 14314 | Lair:1   | Reached skill level 15 in Conjurations
 14575 | Lair:1   | Noticed a four-headed hydra
 14606 | Lair:1   | Killed a four-headed hydra
 15229 | Lair:1   | Reached skill level 16 in Conjurations
 15617 | Lair:1   | Reached *** piety under Vehumet
 15617 | Lair:1   | Reached XP level 12. HP: 68/79 MP: 11/20
 16246 | Lair:2   | Reached skill level 6 in Spellcasting
 16525 | Lair:1   | Reached skill level 7 in Spellcasting
 16527 | Lair:1   | HP: 18/79 [water moccasin (6)]
 16533 | Lair:1   | HP: 14/79 [poisoned by a water moccasin]
 16539 | Lair:1   | HP: 13/79 [poisoned by a water moccasin]
 16545 | Lair:1   | HP: 12/79 [poisoned by a water moccasin]
 16553 | Lair:1   | HP: 12/79 [poisoned by a water moccasin]
 17016 | Lair:2   | Reached skill level 8 in Dodging
 17175 | Lair:2   | Offered knowledge of Throw Icicle by Vehumet.
 17368 | Lair:2   | Reached skill level 1 in Air Magic
 17385 | Lair:2   | Noticed Erica
 17471 | Lair:2   | Reached skill level 2 in Air Magic
 17614 | Lair:2   | Reached skill level 3 in Air Magic
 17700 | Lair:2   | Found a staircase to the Snake Pit.
 17780 | Lair:2   | Reached skill level 4 in Air Magic
 17855 | Lair:2   | Noticed Urug
 17933 | Lair:2   | Killed Urug
 17933 | Lair:2   | Reached skill level 5 in Air Magic
 17944 | Lair:2   | Reached **** piety under Vehumet
 18074 | Lair:2   | Reached skill level 6 in Air Magic
 18214 | Lair:2   | Reached skill level 8 in Fighting
 18224 | Lair:2   | Offered knowledge of Fireball by Vehumet.
 18493 | Lair:2   | Reached skill level 6 in Slings
 18539 | Lair:2   | Found a staircase to the Shoals.
 19179 | Lair:2   | Learned a level 5 spell: Fireball
 19183 | Lair:2   | Killed Erica
 19440 | D:6      | Bought a potion of experience for 550 gold pieces
 19440 | D:6      | Reached skill level 10 in Fighting
 19440 | D:6      | Reached skill level 10 in Dodging
 19440 | D:6      | Reached XP level 13. HP: 90/90 MP: 24/24
 19634 | Lair:2   | Reached skill level 1 in Fire Magic
 19767 | Lair:2   | Learned a level 5 spell: Lightning Bolt
 20336 | Lair:3   | Reached skill level 2 in Fire Magic
 20606 | Lair:4   | Reached XP level 14. HP: 68/96 MP: 2/26
 20832 | Lair:4   | Reached skill level 3 in Fire Magic
 20994 | Lair:4   | Reached skill level 7 in Air Magic
 22014 | Lair:5   | Noticed Nessos
 22022 | Lair:5   | Killed Nessos
 22288 | Lair:5   | Reached skill level 4 in Fire Magic
 22325 | Lair:5   | Reached skill level 8 in Spellcasting
 22325 | Lair:5   | Reached skill level 17 in Conjurations
 22679 | Lair:5   | Got a faintly glowing chain mail
 22755 | Lair:5   | Identified the +6 chain mail "Tetumuej" {+Inv MR- Str-2
                  | Dex+8} (You found it on level 5 of the Lair of Beasts)
 23057 | Lair:6   | Entered Level 6 of the Lair of Beasts
 23065 | Lair:6   | Reached skill level 8 in Air Magic
 23077 | Lair:6   | Reached ***** piety under Vehumet
 23090 | Lair:6   | Offered knowledge of Ozocubu's Refrigeration by Vehumet.
 23265 | Lair:6   | Found a viscous altar of Jiyva.
 23265 | Lair:6   | Found a staircase to the Slime Pits.
 23359 | Lair:5   | HP: 18/96 [spiny frog (16)]
 23365 | Lair:5   | HP: 20/96 [spiny frog (5)]
 23814 | D:11     | HP: 18/96 [skeletal warrior/+0 long sword[a skeletal
                  | warrior] (9)]
 24206 | D:11     | Found a staircase to the Orcish Mines.
 24299 | D:11     | Reached skill level 5 in Fire Magic
 24307 | D:11     | Noticed Sonja
 24308 | D:11     | Killed Sonja
 25176 | D:11     | Reached skill level 9 in Air Magic
 26050 | D:12     | Reached skill level 6 in Fire Magic
 26581 | D:12     | Found Hopred's Weapon Shoppe.
 27116 | D:13     | Found a gate to the Vaults.
 27200 | D:13     | Reached skill level 10 in Air Magic
 27346 | D:13     | Reached skill level 7 in Fire Magic
 28080 | D:6      | Bought a crystal ball of energy for 200 gold pieces
 28284 | Lair:5   | Reached skill level 1 in Evocations
 28285 | Lair:5   | Reached skill level 2 in Evocations
 28732 | Lair:5   | Reached skill level 3 in Evocations
 28783 | Lair:5   | Reached XP level 15. HP: 101/101 MP: 17/28
 28925 | Lair:5   | Reached skill level 4 in Evocations
 29481 | Lair:6   | Reached skill level 5 in Evocations
 30132 | Lair:6   | HP: 14/101 [seven-headed hydra (13)]
 30471 | Lair:5   | Reached skill level 8 in Fire Magic
 30760 | Lair:6   | Learned a level 4 spell: Sticky Flame
 31119 | Lair:6   | Got a jewelled hand axe
 31120 | Lair:6   | Identified the +8 hand axe of Laveg {elec, rPois MR+ Str-3}
                  | (You found it on level 6 of the Lair of Beasts)
 31368 | Lair:6   | Reached skill level 9 in Fire Magic
 32689 | D:13     | Reached skill level 18 in Conjurations
 33024 | D:13     | Found an iron altar of Okawaru.
 33293 | D:13     | Offered knowledge of Iron Shot by Vehumet.
 33350 | D:14     | Found Kuomil's Antique Weapon Shoppe.
 33364 | D:14     | Reached skill level 10 in Fire Magic
 33573 | D:13     | Learned a level 6 spell: Deflect Missiles
 33595 | D:14     | Found Katamo's Gadget Boutique.
 33751 | D:14     | Found Wussaf's Magic Scroll Boutique.
 33755 | D:14     | Found Idicwiuc's Gadget Boutique.
 33820 | D:14     | Reached skill level 1 in Charms
 34175 | D:14     | Found Batraywk's Jewellery Emporium.
 34348 | D:15     | Entered Level 15 of the Dungeon
 34501 | D:15     | Reached skill level 11 in Air Magic
 34542 | D:15     | Reached skill level 2 in Charms
 34740 | D:15     | Noticed Azrael
 34742 | D:15     | Killed Azrael
 34929 | D:15     | HP: 25/101 [poisoned by a naga mage (splash of poison)]
 34935 | D:15     | HP: 24/101 [poisoned by a naga mage (splash of poison)]
 34940 | D:15     | HP: 23/101 [poisoned by a naga mage (splash of poison)]
 34948 | D:15     | HP: 23/101 [poisoned by a naga mage (splash of poison)]
 34956 | D:15     | HP: 23/101 [poisoned by a naga mage (splash of poison)]
 35075 | D:15     | HP: 24/101 [poisoned by a naga mage (poison arrow)]
 35080 | D:15     | HP: 16/101 [poisoned by a naga mage (poison arrow)]
 35085 | D:15     | HP: 15/101 [poisoned by a naga mage (poison arrow)]
 35090 | D:15     | HP: 14/101 [poisoned by a naga mage (poison arrow)]
 35097 | D:15     | HP: 13/101 [poisoned by a naga mage (poison arrow)]
 35104 | D:14     | HP: 13/101 [poisoned by a naga mage (poison arrow)]
 35692 | D:15     | Reached skill level 3 in Charms
 36174 | D:15     | Found a transporter.
 36184 | D:15     | Noticed mistymad's ghost (journeyman SpAs)
 36221 | D:15     | Noticed a shadow dragon
 36242 | D:15     | Found a transporter.
 36326 | D:15     | Found Etwoer Pema's Jewellery Boutique.
 36582 | D:14     | Upgraded the game from 0.24-a0-275-g6f7e2cb to
                  | 0.24-a0-278-gefa1973
 36897 | D:15     | Reached skill level 12 in Air Magic
 36897 | D:15     | Reached XP level 16. HP: 106/106 MP: 29/29
 36941 | D:15     | Reached skill level 4 in Charms
 37152 | D:15     | Found a staircase to the Depths.
 37498 | D:4      | Bought the +0 leather armour of the Armoured One {rPois
                  | Int+4 Stlth+} for 317 gold pieces
 37734 | Snake:1  | Entered Level 1 of the Snake Pit
 37792 | Snake:1  | HP: 25/106 [anaconda (7)]
 37793 | Snake:1  | Reached skill level 9 in Spellcasting
 38489 | Snake:1  | HP: 21/106 [salamander/+0 glaive (7)]
 39164 | Snake:2  | You are sucked into a shaft!
 39670 | Snake:3  | Reached skill level 10 in Spellcasting
 39670 | Snake:3  | Reached skill level 11 in Fire Magic
 39827 | Snake:3  | Offered knowledge of Conjure Ball Lightning by Vehumet.
 39980 | Snake:3  | HP: 22/106 [black mamba (9)]
 39989 | Snake:3  | HP: 23/106 [shock serpent/electric aura (1)]
 39989 | Snake:3  | HP: 10/106 [shock serpent (13)]
 40593 | Snake:3  | Reached skill level 12 in Fire Magic
 40740 | Snake:3  | Learned a level 1 spell: Apportation
 40742 | Snake:3  | Learned a level 1 spell: Animate Skeleton
 41192 | Snake:4  | Entered Level 4 of the Snake Pit
 41263 | Snake:4  | Reached XP level 17. HP: 97/112 MP: 5/32
 42317 | Snake:4  | Reached skill level 11 in Dodging
 42547 | Snake:4  | Reached skill level 11 in Fighting
 42716 | Snake:4  | Offered knowledge of Orb of Destruction by Vehumet.
 42752 | Snake:3  | Learned a level 7 spell: Orb of Destruction
 42843 | Snake:4  | Reached skill level 12 in Dodging
 43067 | Snake:4  | Reached skill level 11 in Spellcasting
 43574 | Snake:4  | Got a serpentine rune of Zot
 43925 | D:6      | Bought a +2 cloak of magic resistance for 236 gold pieces
 43925 | D:6      | Bought a ration for 55 gold pieces
 44112 | Shoals:1 | Entered Level 1 of the Shoals
 44403 | Shoals:1 | Noticed a kraken
 44412 | Shoals:1 | Killed a kraken
 44616 | Shoals:1 | Reached skill level 13 in Fire Magic
 44627 | Shoals:1 | Reached skill level 19 in Conjurations
 44949 | Shoals:1 | Identified the +2 ring mail of the Everdark {*Corrode rElec
                  | rPois Int+2} (You found it on level 1 of the Shoals)
 45383 | Shoals:2 | Reached skill level 1 in Armour
 45412 | Shoals:2 | Reached XP level 18. HP: 123/123 MP: 25/34
 45413 | Shoals:2 | Reached skill level 2 in Armour
 45549 | Shoals:2 | Reached skill level 3 in Armour
 45650 | Shoals:2 | Reached skill level 12 in Fighting
 46463 | Shoals:3 | Noticed Polyphemus
 46480 | Shoals:3 | Reached skill level 4 in Armour
 46523 | Shoals:3 | Offered knowledge of Bolt of Fire by Vehumet.
 46535 | Shoals:3 | Killed Polyphemus
 46899 | Shoals:3 | Found a runed translucent gate.
 46900 | Shoals:3 | Found a runed translucent gate.
 46901 | Shoals:3 | Found a runed translucent gate.
 46903 | Shoals:3 | Noticed Ysiri's ghost (adept FeEE)
 47136 | Shoals:3 | Reached skill level 5 in Armour
 47519 | Shoals:3 | Reached skill level 13 in Dodging
 47597 | Shoals:4 | Entered Level 4 of the Shoals
 47706 | Shoals:4 | Reached skill level 6 in Armour
 47730 | Shoals:4 | Got a barnacled rune of Zot
 47945 | Orc:1    | Entered Level 1 of the Orcish Mines
 48338 | Orc:1    | Found a roughly hewn altar of Beogh.
 48388 | Orc:1    | Found an iron altar of Okawaru.
 48508 | Orc:2    | Entered Level 2 of the Orcish Mines
 49036 | Orc:2    | Found a staircase to the Elven Halls.
 49083 | Orc:2    | Reached ****** piety under Vehumet
 49156 | Orc:2    | Offered knowledge of Freezing Cloud by Vehumet.
 49514 | Orc:2    | Reached skill level 7 in Armour
 49527 | Orc:2    | Reached skill level 13 in Fighting
 49622 | Orc:2    | Learned a level 6 spell: Freezing Cloud
 49703 | Orc:2    | Found Muziec's Assorted Antiques.
 49703 | Orc:2    | Found Mesotion's Distillery.
 49704 | Orc:2    | Found Ekhly's Distillery.
 49704 | Orc:2    | Found Idofesu's Antique Weapon Shoppe.
 49728 | Orc:2    | Bought a scroll of blinking for 225 gold pieces
 49730 | Orc:2    | Bought a potion of brilliance for 56 gold pieces
 49730 | Orc:2    | Bought a potion of agility for 56 gold pieces
 49730 | Orc:2    | Bought a potion of curing for 42 gold pieces
 49730 | Orc:2    | Bought a potion of cancellation for 112 gold pieces
 49736 | Orc:2    | Bought a potion of cancellation for 96 gold pieces
 49736 | Orc:2    | Bought 2 potions of agility for 96 gold pieces
 49736 | Orc:2    | Bought a potion of cancellation for 96 gold pieces
 49736 | Orc:2    | Bought a potion of agility for 48 gold pieces
 49736 | Orc:2    | Bought 2 potions of resistance for 240 gold pieces
 49736 | Orc:2    | Bought a potion of curing for 36 gold pieces
 49736 | Orc:2    | Bought a potion of curing for 36 gold pieces
 49736 | Orc:2    | Bought a potion of curing for 36 gold pieces
 49852 | Orc:1    | Reached skill level 1 in Ice Magic
 50000 | Vaults:1 | Entered Level 1 of the Vaults
 50038 | Vaults:1 | Reached skill level 2 in Ice Magic
 50218 | Vaults:1 | Reached XP level 19. HP: 129/130 MP: 6/35
 50262 | Vaults:1 | Noticed a lich
 50279 | Vaults:1 | Killed a lich
 50383 | Vaults:1 | Reached skill level 12 in Spellcasting
 50480 | D:14     | Bought an uncursed ring of see invisible for 210 gold
                  | pieces
 50600 | Vaults:1 | Offered knowledge of Poison Arrow by Vehumet.
 50991 | Vaults:1 | Reached skill level 20 in Conjurations
 51629 | Vaults:1 | Reached skill level 13 in Spellcasting
 51980 | Vaults:2 | Noticed Xtahua
 52051 | Vaults:2 | Found a staircase to the Crypt.
 52145 | Vaults:2 | Offered knowledge of Fire Storm by Vehumet.
 52145 | Vaults:2 | Offered knowledge of Tornado by Vehumet.
 52145 | Vaults:2 | Offered knowledge of Ignition by Vehumet.
 52733 | Vaults:2 | Noticed Nikola
 52793 | Vaults:2 | Killed Nikola
 53140 | Vaults:2 | Reached skill level 21 in Conjurations
 53243 | Vaults:2 | Identified a scroll of acquirement
 53374 | Vaults:2 | Reached XP level 20. HP: 136/136 MP: 23/38
 53687 | Vaults:2 | Killed Xtahua
 53687 | Vaults:2 | Reached skill level 14 in Fire Magic
 53818 | Vaults:2 | Learned a level 8 spell: Ignition
 54919 | Vaults:3 | Reached skill level 14 in Spellcasting
 55787 | Vaults:3 | Noticed Frederick
 55803 | Vaults:3 | Killed Frederick
 56228 | Vaults:4 | Reached skill level 15 in Fire Magic
 57056 | Vaults:3 | Learned a level 9 spell: Tornado
 57058 | Vaults:4 | Reached skill level 13 in Air Magic
 57492 | Vaults:4 | Found Ozxohier's Assorted Antiques.
 57500 | Vaults:4 | Bought a potion of brilliance for 116 gold pieces
 57500 | Vaults:4 | Bought a scroll of teleportation for 87 gold pieces
 57792 | Vaults:4 | Reached skill level 14 in Air Magic
 57885 | Vaults:4 | Reached XP level 21. HP: 141/141 MP: 14/40
 58325 | Vaults:5 | Entered Level 5 of the Vaults
 58328 | Vaults:5 | Reached skill level 15 in Air Magic
 58328 | Vaults:5 | Reached skill level 16 in Air Magic
 58328 | Vaults:5 | Noticed a golden dragon
 58336 | Vaults:5 | HP: 31/141 [golden dragon (12)]
 58343 | Vaults:4 | HP: 20/141 [golden dragon/bolt of fire (13)]
 58346 | Vaults:4 | Killed a golden dragon
 58885 | Vaults:5 | Reached skill level 17 in Air Magic
 58889 | Vaults:5 | HP: 21/141 [titan/the air (29)]
 58896 | Vaults:5 | HP: 21/141 [deep elf death mage/+0 long sword (6)]
 58902 | Vaults:5 | Noticed an ancient lich
 58903 | Vaults:5 | HP: 32/141 [yaktaur captain/bolt (22)]
 58907 | Vaults:5 | Mangled by a vault warden

Levels and vault maps discovered:
D:1:      eino_arrival_water_cross, layout_loops_ring, serial_bayou_pond_a
D:2:      layout_basic, nicolae_overflow_hidden_temple, serial_forest,
          infiniplex_forest_clump_curved, infiniplex_forest_clump_curved,
          infiniplex_forest_lined_3_way, infiniplex_forest_end_3,
          infiniplex_forest_lined_room_2, infiniplex_forest_corner_1
D:3:      layout_loops_cross, first_ration, uniq_natasha
D:4:      layout_loops_ring, serial_rivers, chequers_serial_rivers_micro_e,
          chequers_serial_rivers_room_b, chequers_serial_rivers_micro_b,
          chequers_serial_rivers_micro_b, enter_ossuary_1, serial_shops,
          nicolae_shop_behind_doors, uniq_crazy_yiuf_cottage, uniq_menkaure
D:5:      layout_basic, hangedman_decor_lopped
D:6:      layout_basic, chequers_temple_overflow_minitemple, serial_rivers,
          chequers_serial_rivers_micro_b, chequers_serial_rivers_room_a,
          chequers_serial_rivers_room_b, chequers_serial_rivers_small_a,
          chequers_serial_rivers_micro_e, chequers_serial_rivers_micro_c,
          serial_shops, shop, nicolae_shop_stone, kennysheep_mini_moat,
          minmay_fractal_squares_5, uniq_duvessa
D:7:      layout_basic, minmay_temple_entry_offerings, grunt_livestock,
          minmay_manual_monstrance
D:8:      minmay_tri_box, layout_basic
D:9:      layout_long_grid, erik_lair_orcish_takeover,
          chequers_serial_rivers_micro_b, minivault_7
D:10:     layout_long_grid, kennysheep_potato
D:11:     layout_basic, david_orc_2, uniq_sonja
D:12:     minmay_opposing_rooms, layout_long_grid, serial_shops, shop
D:13:     layout_irregular_city, david_vaults_3, basic_altar
D:14:     layout_rooms, serial_curves, eino_curves_03, eino_curves_04,
          eino_curves_02, eino_curves_04, serial_shops, nicolae_shop_crystal,
          shop, shop, nicolae_shop_statue_plus, nicolae_shop_crystal,
          infiniplex_staircase_door_maze
D:15:     grunt_enter_depths_magical_seal, layout_loops_ring, minivault_19,
          gammafunk_ghost_berserking_beasts, serial_shops, shop, minivault_23,
          uniq_azrael
Temple:   dpeg_five_rooms_temple
Lair:1:   layout_cave_pods, minivault_24, grunt_forest_small_clearings
Lair:2:   regret_index_wax_grids, layout_regular_city, elwin_shoals_entry_rocks,
          guppyfry_snake_entry_garden, infiniplex_staircase_pool_2, uniq_urug,
          uniq_erica
Lair:3:   layout_chaotic_city
Lair:4:   layout_loops_ring, st_stairs_12
Lair:5:   layout_big_grid, lemuel_fruit_tree, serial_bayou_shore_a, uniq_nessos
Lair:6:   minmay_lair_end_frog_pond, layout_cave_pods, slime_altar_1
Shoals:1: layout_shoals
Shoals:2: layout_shoals
Shoals:3: layout_shoals, ebering_ghost_rock_garden, uniq_polyphemus
Shoals:4: shoals_end_grunt_ice, layout_shoals
Snake:1:  nicolae_snake_nest, layout_gridlike
Snake:2:  cheibrodos_snake_ritualist_ritual, layout_misc_corridors,
          serial_bayou_pond_a
Snake:3:  layout_grid_shapes, special_room, grunt_ministairs_9
Snake:4:  snake_pit, layout_misc_corridors
Orc:1:    layout_caves, basic_altar, okawaru_metal_pillars_1_2
Orc:2:    st_orc_pillars, layout_diamond_mine
Vaults:1: nicolae_vaults_three_branches, v_alt_pattern_2,
          vaults_room_guarded_vault, nicolae_vaults_ninety_degrees,
          nicolae_vaults_border_crossing, v_misc_19, hangedman_vaults_slice,
          vaults_room_pools, ontoclasm_vaults_loading_screen,
          nicolae_vaults_yaktaur_gun_rack, layout_vaults_chaotic_city
Vaults:2: ontoclasm_vaults_idyll, nicolae_vaults_alarming,
          nicolae_vaults_fighting_squares, v_misc_32, v_rooms_4,
          layout_vaults_quadrants, dummy_crypt_entry, uniq_nikola, uniq_xtahua
Vaults:3: vaults_dpeg_hooks, nicolae_vaults_angled_halls,
          ontoclasm_vaults_twist, nicolae_vaults_little_squares_4,
          ontoclasm_vaults_ligature, v_misc_29, ontoclasm_vaults_ring_large,
          nicolae_vaults_theta, nicolae_vaults_rhombus_6,
          nicolae_vaults_statue_guard, ontoclasm_vaults_ring_large,
          vaults_room_corners, v_alt_pattern_4, layout_vaults_omnibox,
          uniq_frederick
Vaults:4: vaults_room_large_hall, hangedman_vaults_trim,
          nicolae_vaults_hallways_thing, vaults_dpeg_diagonal, v_misc_19,
          vaults_dpeg_encased_lava, grunt_vaults_focal,
          vaults_room_mumra_shop_pool, vaults_standard_mumra_enter_the_diamond,
          nicolae_vaults_what_the_h, vaults_mumra_minichess,
          nicolae_vaults_sealed_display, vaults_room_corners,
          vaults_room_stairs_pillars, layout_vaults_big_cross
Vaults:5: serial_shops

Skill      XL: |  1  2  3  4  5  6  7  8  9 10 11 12 13 14 15 16 17 18 19 20 21 |
---------------+----------------------------------------------------------------+-----
Conjurations   | 6 8 12 16 17 18 19 21 | 21.5
Fighting       | 1 2 3 4 6 7 10 11 13 | 13.0
Slings         | 1 2 3 4 5 6 |  6.2
Dodging        | 3 4 6 7 10 12 13 | 13.5
Shields        | 2 4 |  4.0
Spellcasting   | 4 5 7 8 10 11 13 14 | 14.7
Throwing       | 5 |  5.7
Air Magic      | 6 10 12 14 17 | 17.0
Fire Magic     | 2 7 10 12 13 15 | 15.4
Evocations     | 3 5 |  5.8
Charms         | 3 4 |  4.6
Armour         | 1 7 |  7.1
Ice Magic      | 2 |  2.7
Stealth        | |  2.0

Action                   |  1- 3 |  4- 6 |  7- 9 | 10-12 | 13-15 | 16-18 | 19-21 || total
-------------------------+-------+-------+-------+-------+-------+-------+-------++-------
Melee: Hunting sling     |       |       |     3 |       |       |       |       ||     3
       Kick              |       |       |     1 |       |       |       |     1 ||     2
       Peck              |       |       |     1 |       |       |       |     1 ||     2
       Staff             |       |       |       |       |       |       |     3 ||     3
 Fire: Hunting sling     |    78 |   130 |   422 |   753 |   329 |    38 |       ||  1750
Throw: Stone             |       |       |       |       |       |     1 |       ||     1
 Cast: Magic Dart        |    13 |    19 |     5 |     2 |    16 |       |       ||    55
       Searing Ray       |     1 |     3 |    11 |    13 |     4 |       |       ||    32
       Iskenderun's Myst |       |       |       |    91 |    77 |   102 |       ||   270
       Mephitic Cloud    |       |       |       |     6 |    15 |    15 |     2 ||    38
       Fireball          |       |       |       |     3 |   240 |   410 |   279 ||   932
       Lightning Bolt    |       |       |       |       |    82 |    34 |    29 ||   145
       Sticky Flame      |       |       |       |       |    12 |    15 |     2 ||    29
       Animate Skeleton  |       |       |       |       |       |    61 |    34 ||    95
       Deflect Missiles  |       |       |       |       |       |    10 |     8 ||    18
       Orb of Destructio |       |       |       |       |       |    13 |    92 ||   105
       Freezing Cloud    |       |       |       |       |       |     2 |    15 ||    17
       Ignition          |       |       |       |       |       |       |    15 ||    15
 Abil: Fly               |       |     1 |       |       |       |       |       ||     1
Evoke: Wand              |       |       |     3 |       |       |     2 |       ||     5
       Crystal ball of e |       |       |       |       |     4 |     1 |       ||     5
       Lamp of fire      |       |       |       |       |       |       |     1 ||     1
  Use: Scroll            |     1 |    10 |     6 |    13 |    15 |    15 |    21 ||    81
       Potion            |       |     8 |     3 |     2 |     6 |     7 |    13 ||    39
  Eat: Chunk             |     1 |     1 |       |    13 |    66 |    51 |    47 ||   179
       Ration            |     1 |     1 |     4 |     9 |    19 |    14 |     9 ||    57
Armor: Robe              |    10 |     2 |     8 |    15 |    34 |       |       ||    69
       Skin              |       |       |    69 |       |       |       |       ||    69
       Leather armour    |       |       |       |       |       |    11 |       ||    11
       Ring mail         |       |       |       |       |       |     2 |    42 ||    44
Dodge: Dodged            |    16 |    19 |   104 |   331 |   370 |   168 |   193 ||  1201
       Deflected         |       |       |       |       |       |    60 |    50 ||   110
Block: Buckler           |       |       |    10 |   107 |   106 |    64 |    86 ||   373

Table legend:
 A = Non-vault XP
 B = Vault XP
 C = Vault XP percentage of total XP
 D = Non-vault monster count
 E = Vault monster count
 F = Vault count percentage of total count
                 A         B        C        D         E       F
            +---------+---------+-------+---------+---------+-------
      Total |  295696 |  220949 |  42.8 |     956 |     491 |  33.9
            +---------+---------+-------+---------+---------+-------
        D:1 |      13 |       0 |   0.0 |       7 |       0 |   0.0
        D:2 |      55 |       0 |   0.0 |      18 |       0 |   0.0
        D:3 |     273 |      36 |  11.7 |      37 |       1 |   2.6
        D:4 |     582 |     175 |  23.1 |      38 |       1 |   2.6
        D:5 |     209 |       0 |   0.0 |      10 |       0 |   0.0
        D:6 |     638 |     448 |  41.3 |      26 |       5 |  16.1
        D:7 |    1100 |    1168 |  51.5 |      18 |       9 |  33.3
        D:8 |    1614 |    1207 |  42.8 |      17 |       5 |  22.7
        D:9 |     919 |    1952 |  68.0 |       7 |      26 |  78.8
       D:10 |    2321 |     219 |   8.6 |      28 |       2 |   6.7
       D:11 |    4271 |     945 |  18.1 |      19 |       8 |  29.6
       D:12 |    6186 |    1458 |  19.1 |      28 |      10 |  26.3
       D:13 |    5117 |    6200 |  54.8 |      27 |      19 |  41.3
       D:14 |    2797 |       0 |   0.0 |      11 |       0 |   0.0
       D:15 |    7810 |    9736 |  55.5 |      31 |      20 |  39.2
     Lair:1 |    5837 |     296 |   4.8 |      23 |       2 |   8.0
     Lair:2 |    3167 |    7421 |  70.1 |      16 |      49 |  75.4
     Lair:3 |    2608 |       0 |   0.0 |      10 |       0 |   0.0
     Lair:4 |    6274 |     411 |   6.1 |      23 |       1 |   4.2
     Lair:5 |    7356 |    5750 |  43.9 |      29 |      15 |  34.1
     Lair:6 |    7543 |    7339 |  49.3 |      26 |      33 |  55.9
   Shoals:1 |   16456 |       0 |   0.0 |      33 |       0 |   0.0
   Shoals:2 |   11380 |       0 |   0.0 |      27 |       0 |   0.0
   Shoals:3 |   14604 |    6622 |  31.2 |      30 |       6 |  16.7
   Shoals:4 |    1580 |    8656 |  84.6 |       5 |      11 |  68.8
    Snake:1 |    8914 |       0 |   0.0 |      22 |       0 |   0.0
    Snake:2 |    6597 |    2775 |  29.6 |      10 |       5 |  33.3
    Snake:3 |   21820 |    4460 |  17.0 |      42 |       6 |  12.5
    Snake:4 |   19008 |   29573 |  60.9 |      49 |      43 |  46.7
      Orc:1 |    6015 |       0 |   0.0 |      32 |       0 |   0.0
      Orc:2 |     503 |    9615 |  95.0 |      14 |      60 |  81.1
   Vaults:1 |   38342 |   22994 |  37.5 |      70 |      26 |  27.1
   Vaults:2 |   41091 |   25278 |  38.1 |      81 |      27 |  25.0
   Vaults:3 |   14312 |    9802 |  40.6 |      37 |       9 |  19.6
   Vaults:4 |   20393 |   27191 |  57.1 |      37 |      27 |  42.2
   Vaults:5 |    7991 |   28818 |  78.3 |      18 |      27 |  60.0
    Ossuary |       0 |     404 | 100.0 |       0 |      38 | 100.0
            +---------+---------+-------+---------+---------+-------

Levels and vault maps discovered:
D:1:      eino_arrival_water_cross, layout_loops_ring, serial_bayou_pond_a
D:2:      layout_basic, nicolae_overflow_hidden_temple, serial_forest,
          infiniplex_forest_clump_curved, infiniplex_forest_clump_curved,
          infiniplex_forest_lined_3_way, infiniplex_forest_end_3,
          infiniplex_forest_lined_room_2, infiniplex_forest_corner_1
D:3:      layout_loops_cross, first_ration, uniq_natasha
D:4:      layout_loops_ring, serial_rivers, chequers_serial_rivers_micro_e,
          chequers_serial_rivers_room_b, chequers_serial_rivers_micro_b,
          chequers_serial_rivers_micro_b, enter_ossuary_1, serial_shops,
          nicolae_shop_behind_doors, uniq_crazy_yiuf_cottage, uniq_menkaure
D:5:      layout_basic, hangedman_decor_lopped
D:6:      layout_basic, chequers_temple_overflow_minitemple, serial_rivers,
          chequers_serial_rivers_micro_b, chequers_serial_rivers_room_a,
          chequers_serial_rivers_room_b, chequers_serial_rivers_small_a,
          chequers_serial_rivers_micro_e, chequers_serial_rivers_micro_c,
          serial_shops, shop, nicolae_shop_stone, kennysheep_mini_moat,
          minmay_fractal_squares_5, uniq_duvessa
D:7:      layout_basic, minmay_temple_entry_offerings, grunt_livestock,
          minmay_manual_monstrance
D:8:      minmay_tri_box, layout_basic
D:9:      layout_long_grid, erik_lair_orcish_takeover,
          chequers_serial_rivers_micro_b, minivault_7
D:10:     layout_long_grid, kennysheep_potato
D:11:     layout_basic, david_orc_2, uniq_sonja
D:12:     minmay_opposing_rooms, layout_long_grid, serial_shops, shop
D:13:     layout_irregular_city, david_vaults_3, basic_altar
D:14:     layout_rooms, serial_curves, eino_curves_03, eino_curves_04,
          eino_curves_02, eino_curves_04, serial_shops, nicolae_shop_crystal,
          shop, shop, nicolae_shop_statue_plus, nicolae_shop_crystal,
          infiniplex_staircase_door_maze
D:15:     grunt_enter_depths_magical_seal, layout_loops_ring, minivault_19,
          gammafunk_ghost_berserking_beasts, serial_shops, shop, minivault_23,
          uniq_azrael
Temple:   dpeg_five_rooms_temple
Lair:1:   layout_cave_pods, minivault_24, grunt_forest_small_clearings
Lair:2:   regret_index_wax_grids, layout_regular_city, elwin_shoals_entry_rocks,
          guppyfry_snake_entry_garden, infiniplex_staircase_pool_2, uniq_urug,
          uniq_erica
Lair:3:   layout_chaotic_city
Lair:4:   layout_loops_ring, st_stairs_12
Lair:5:   layout_big_grid, lemuel_fruit_tree, serial_bayou_shore_a, uniq_nessos
Lair:6:   minmay_lair_end_frog_pond, layout_cave_pods, slime_altar_1
Shoals:1: layout_shoals
Shoals:2: layout_shoals
Shoals:3: layout_shoals, ebering_ghost_rock_garden, uniq_polyphemus
Shoals:4: shoals_end_grunt_ice, layout_shoals
Snake:1:  nicolae_snake_nest, layout_gridlike
Snake:2:  cheibrodos_snake_ritualist_ritual, layout_misc_corridors,
          serial_bayou_pond_a
Snake:3:  layout_grid_shapes, special_room, grunt_ministairs_9
Snake:4:  snake_pit, layout_misc_corridors
Orc:1:    layout_caves, basic_altar, okawaru_metal_pillars_1_2
Orc:2:    st_orc_pillars, layout_diamond_mine
Vaults:1: nicolae_vaults_three_branches, v_alt_pattern_2,
          vaults_room_guarded_vault, nicolae_vaults_ninety_degrees,
          nicolae_vaults_border_crossing, v_misc_19, hangedman_vaults_slice,
          vaults_room_pools, ontoclasm_vaults_loading_screen,
          nicolae_vaults_yaktaur_gun_rack, layout_vaults_chaotic_city
Vaults:2: ontoclasm_vaults_idyll, nicolae_vaults_alarming,
          nicolae_vaults_fighting_squares, v_misc_32, v_rooms_4,
          layout_vaults_quadrants, dummy_crypt_entry, uniq_nikola, uniq_xtahua
Vaults:3: vaults_dpeg_hooks, nicolae_vaults_angled_halls,
          ontoclasm_vaults_twist, nicolae_vaults_little_squares_4,
          ontoclasm_vaults_ligature, v_misc_29, ontoclasm_vaults_ring_large,
          nicolae_vaults_theta, nicolae_vaults_rhombus_6,
          nicolae_vaults_statue_guard, ontoclasm_vaults_ring_large,
          vaults_room_corners, v_alt_pattern_4, layout_vaults_omnibox,
          uniq_frederick
Vaults:4: vaults_room_large_hall, hangedman_vaults_trim,
          nicolae_vaults_hallways_thing, vaults_dpeg_diagonal, v_misc_19,
          vaults_dpeg_encased_lava, grunt_vaults_focal,
          vaults_room_mumra_shop_pool, vaults_standard_mumra_enter_the_diamond,
          nicolae_vaults_what_the_h, vaults_mumra_minichess,
          nicolae_vaults_sealed_display, vaults_room_corners,
          vaults_room_stairs_pillars, layout_vaults_big_cross
Vaults:5: serial_shops

Table legend:
 A = Turns spent in this place as a percentage of turns spent in the entire game.
 B = Non-inter-level travel turns spent in this place as a percentage of non-inter-level travel turns spent in the entire game.
 C = Inter-level travel turns spent in this place as a percentage of turns spent in this place.
 D = Turns resting spent in this place as a percentage of non-inter-level travel turns spent in this place.
 E = Turns spent auto-exploring this place as a percentage of non-inter-level travel turns spent in this place.
 F = Non-inter-level travel turns spent in this place divided by the number of levels of this place that you've seen.
                   A       B       C       D       E      F
               +-------+-------+-------+-------+-------+----------------------
         Total | 100.0 | 100.0 |   7.6 |  34.5 |  43.3 | 1433.0
       Dungeon |  40.4 |  39.2 |  10.4 |  34.1 |  48.7 | 1421.5
        Temple |   0.5 |   0.4 |  27.8 |   0.0 |  99.1 | 226.0
          Lair |  23.7 |  23.9 |   6.8 |  47.6 |  35.8 | 2166.2
        Shoals |   6.3 |   6.5 |   4.6 |  20.3 |  50.3 | 881.0
     Snake Pit |   9.4 |   9.6 |   6.1 |  32.2 |  34.9 | 1302.8
  Orcish Mines |   3.4 |   3.6 |   4.7 |  14.5 |  45.5 | 968.0
        Vaults |  14.9 |  15.5 |   3.9 |  28.1 |  42.5 | 1690.0
       Ossuary |   1.3 |   1.4 |   0.0 |  36.0 |  33.2 | 789.0
               +-------+-------+-------+-------+-------+----------------------

Table legend:
 A = Kills in this place as a percentage of kills in entire the game.
 B = Kills by you in this place as a percentage of kills by you in the entire game.
 C = Kills by friends in this place as a percentage of kills by friends in the entire game.
 D = Other kills in this place as a percentage of other kills in the entire game.
 E = Experience gained in this place as a percentage of experience gained in the entire game.
 F = Experience gained in this place divided by the number of levels of this place that you have seen.
                   A       B       C       D       E      F
               +-------+-------+-------+-------+-------+----------------------
         Total | 100.0 | 100.0 | 100.0 | 100.0 | 100.0 | 13595.9
       Dungeon |  29.6 |  30.2 |   0.0 |  10.0 |  11.1 | 3829.9
          Lair |  15.7 |  15.7 |   8.0 |  30.0 |  10.5 | 9000.3
        Shoals |   7.7 |   6.8 |  56.0 |  20.0 |  11.5 | 14824.5
     Snake Pit |  12.2 |  12.3 |   8.0 |  10.0 |  18.0 | 23286.8
  Orcish Mines |   7.3 |   7.4 |   0.0 |  10.0 |   3.1 | 8066.5
        Vaults |  24.8 |  24.8 |  28.0 |  20.0 |  45.7 | 47242.4
       Ossuary |   2.6 |   2.7 |   0.0 |   0.0 |   0.1 | 404.0
               +-------+-------+-------+-------+-------+----------------------
